 Dungeon Crawl Stone Soup version 0.17.1-2-g5865329 (webtiles) character file.

154 pipel the Sneak (level 5, -6/41 HPs)
             Began as a Formicid Assassin on Jan 30, 2016.
             Mangled by an iguana (11 damage)
             ... on level 8 of the Dungeon.
             The game lasted 00:03:07 (207 turns).

pipel the Sneak (Formicid Assassin)                  Turns: 207, Time: 00:03:07

Health: -6/41      AC:  3    Str: 16    XL:     5   Next: 62%
Magic:  5/5        EV: 12    Int: 10    God:
Gold:   0          SH:  0    Dex: 13    Spells: 0 memorised, 4 levels left

rFire  . . .     SeeInvis +     a - +2 dagger
rCold  . . .     Clarity  .     c - +0 robe
rNeg   . . .     SustAt   .     (no shield)
rPois  .         Gourm    .     (helmet unavailable)
rElec  .         Spirit   .     d - +0 cloak
rCorr  .         Warding  .     (no gloves)
rMut   .         Stasis   +     (no boots)
MR     .....                    (no amulet)
Stlth  +++.......               (no ring)
                                (no ring)

@: not resistant to hostile enchantments, fairly stealthy
A: permanent stasis, dig shafts and tunnels, four strong arms, antennae 3
a: Dig, Shaft Self


You were on level 8 of the Dungeon.
You were not hungry.

You visited 1 branch of the dungeon, and saw 7 of its levels.

Inventory:

Hand Weapons
 a - a +2 dagger (weapon)
 b - a +0 blowgun
Armour
 c - a +0 robe (worn)
 d - a +0 cloak (worn)
Comestibles
 g - a bread ration


   Skills:
 + Level 3.0 Fighting
 + Level 2.4 Short Blades
 + Level 2.1 Throwing
 + Level 1.3 Dodging
 + Level 6.8 Stealth


You had 4 spell levels left.
You didn't know any spells.

Dungeon Overview and Level Annotations

Branches:
Dungeon (9/15)               Lair (0/8) D:8
 Temple: D:4-7          Orc: D:9-12

Altars:


Innate Abilities, Weirdness & Mutations

You are under a permanent stasis effect.
You can dig through walls and to a lower floor.
Your four strong arms can wield two-handed weapons with a shield.
You have a pair of large antennae on your head (SInv).


Message History

The iguana is poisoned.
The iguana looks more healthy.
You aren't carrying any items that can be evoked.
Found a scroll labeled FOSOCA XOHIMO.
a - a +2 dagger (weapon)
You closely miss the iguana.
The iguana is heavily wounded.
The iguana bites you!
* * * LOW HITPOINT WARNING * * *
You barely miss the iguana.
The iguana is heavily wounded.
The iguana bites you!
* * * LOW HITPOINT WARNING * * *
A brain worm and a wasp come into view.
The iguana barely misses you.
Are you sure you want to shaft yourself?
You feel quite a bit more hungry.
The brain worm bites you but does no damage.
The iguana bites you!
You die...

#. #.# #. #.# #. #.#
#. #.#####
##.########+#+#......
#.?..................
###Z########+###.....
{#l## #..... #.#@#
#..... #.#w## #Z....
##y# #..... #.#{
#..... ## ##+###.....
............
............
............
............


You could see a brain worm, a wasp, an iguana and a worker ant zombie.

Vanquished Creatures
  A black bear (D:9)
  A giant frog (D:8)
2 creatures vanquished.

Notes
Turn   | Place    | Note
--------------------------------------------------------------
     0 | D:1      | pipel the Formicid Assassin began the quest for the Orb.
     0 | D:1      | Reached XP level 1. HP: 16/16 MP: 1/1
     4 | D:1      | You fall through a shaft!
     7 | D:2      | You fall through a shaft for 2 floors!
    12 | D:5      | Entered Level 5 of the Dungeon
    14 | D:5      | Noticed a giant frog zombie
    17 | D:5      | You fall through a shaft for 2 floors!
    85 | D:7      | You fall through a shaft!
    87 | D:8      | Noticed a giant frog
   100 | D:8      | Killed a giant frog
   100 | D:8      | Reached skill level 1 in Dodging
   100 | D:8      | Reached skill level 6 in Stealth
   100 | D:8      | Reached XP level 2. HP: 12/23 MP: 2/2
   100 | D:8      | Reached XP level 3. HP: 14/28 MP: 3/3
   100 | D:8      | Reached XP level 4. HP: 17/34 MP: 4/4
   138 | D:9      | Noticed a black bear
   150 | D:9      | Noticed a water moccasin
   152 | D:9      | Killed a black bear
   152 | D:9      | Reached XP level 5. HP: 16/41 MP: 5/5
   171 | D:8      | Found a staircase to the Lair.
   173 | D:8      | Noticed an iguana
   206 | D:8      | Noticed a brain worm
   206 | D:8      | Noticed a wasp
   207 | D:8      | Mangled by an iguana

Action                   |  1- 3 |  4- 6 || total
-------------------------+-------+-------++-------
Melee: Dagger            |       |     2 ||     2
 Fire: Blowgun           |     7 |    10 ||    17
 Abil: Shaft Self        |     4 |     1 ||     5
       Dig               |     1 |       ||     1
  Use: Scroll            |       |     1 ||     1
 Stab: Sleeping          |     1 |     1 ||     2
